 Dungeon Crawl Stone Soup version 0.23-a0-642-g3120c2f5a9 (webtiles) character file.

1303 HereIgoKillingAgain the Insei (level 8, -6/54 HPs)
             Began as a Demonspawn Transmuter on Dec 31, 2018.
             Was a Follower of Qazlal.
             Mangled by Menkaure (12 damage)
             ... on level 5 of the Dungeon.
             The game lasted 00:07:19 (6419 turns).

HereIgoKillingAgain the Insei (DsTm)                Turns: 6419, Time: 00:07:20

Health: -6/54      AC:  5    Str: 12    XL:     8   Next: 31%
Magic:  0/15       EV: 12    Int: 14    God:    Qazlal [*.....]
Gold:   258        SH:  2    Dex: 15    Spells: 6/17 levels left

rFire    . . .     SeeInvis .     - Unarmed
rCold    . . .     Gourm    .   (no shield)
rNeg     . . .     Faith    .   b - +1 robe
rPois    .         Spirit   +   (no helmet)
rElec    .         Reflect  .   (no cloak)
rCorr    .         Harm     .   (no gloves)
MR       .....                  (no boots)
Stlth    +.........             (no amulet)
HPRegen  0.18/turn              (no ring)
MPRegen  0.28/turn              (no ring)

@: lethally poisoned (-6 -> -7), very slightly contaminated
A: hooves 2, iridescent scales 1, magic shield, magic regeneration
a: Renounce Religion


You were on level 5 of the Dungeon.
You worshipped Qazlal.
Qazlal was aware of your devotion.
You were not hungry.

You visited 1 branch of the dungeon, and saw 6 of its levels.
You also visited: Ossuary.

You collected 258 gold pieces.

Inventory:

Missiles
 a - 42 arrows
Armour
 b - a +1 robe (worn)
Jewellery
 l - an uncursed ring of wizardry {unknown}
 s - an uncursed ring of protection from fire {unknown}
Wands
 e - a wand of clouds (4)
 h - a wand of disintegration (12)
 q - a wand of flame (22)
Scrolls
 g - 4 scrolls of magic mapping
 j - 2 scrolls of fog {unknown}
 k - a scroll of random uselessness {unknown}
 m - a scroll of teleportation
 n - 2 scrolls of identify {unknown}
 o - a scroll of enchant weapon {unknown}
 t - 3 scrolls of blinking {unknown}
 u - 2 scrolls of amnesia {unknown}
 v - a scroll of enchant armour
Potions
 c - 2 potions of flight {unknown}
 f - a potion of invisibility {unknown}
 p - a potion of heal wounds
 r - 2 potions of ambrosia
 w - a potion of magic {unknown}
Comestibles
 d - 2 rations


   Skills:
 - Level 1.0 Fighting
 - Level 1.7 Dodging
 + Level 5.5 Unarmed Combat
 + Level 5.2 Spellcasting
 + Level 5.1 Transmutations
 * Level 5.1 Invocations


You had 6 spell levels left.
You knew the following spells:

 Your Spells              Type           Power        Failure   Level  Hunger
a - Beastly Appendage     Tmut           ###...       1%          1    None
b - Sticks to Snakes      Tmut           ###.....     3%          2    ##.....
c - Spider Form           Tmut/Pois      ##........   19%         3    ###....
d - Blade Hands           Tmut           ###.......   50%         5    ######.

Your spell library contained the following spells:

 Spells                   Type           Power        Failure   Level  Hunger
 Corona                   Hex            #......      17%         1    None
 Ensorcelled Hibernation  Hex/Ice        #.....       26%         2    ##.....
 Confuse                  Hex            #.......     45%         3    ###....
 Dazzling Spray           Conj/Hex       #.....       45%         3    ###....
 Tukima's Dance           Hex            #.......     45%         3    ###....
 Ice Form                 Ice/Tmut       ##......     52%         4    ####...


Dungeon Overview and Level Annotations

Branches:
Dungeon (6/15)
 Temple: D:4-7

Altars:
Elyvilon
Qazlal
Trog

Annotations:
D:5 Menkaure


Innate Abilities, Weirdness & Mutations

You have hoof-like feet.
You are partially covered in iridescent scales. (AC +2)
When hurt, damage is shared between your health and your magic reserves.
You regenerate magic rapidly.


Message History

Your ball python constricts Menkaure.
Menkaure barely misses you.
Unknown command.
You are too injured to fight recklessly!
You hit Menkaure.
Menkaure is severely damaged.
Your ball python bites Menkaure.
Your ball python constricts Menkaure.
Unknown command.
You hit Menkaure.
Menkaure is almost destroyed.
Your ball python bites Menkaure but does no damage.
Your ball python constricts Menkaure.
Menkaure mumbles some strange words.
Menkaure seems to speed up.
Unknown command.
You hit Menkaure.
Menkaure is almost destroyed.
Your ball python is struck by lightning.
You kill your ball python!
Menkaure hits you!
You die...

...#≈≈...≈≈#....#
...#≈..♣..≈#....#
................#
.....♣._.♣......#
..r........###.#
..#≈..♣..≈## .#
#≈≈...≈≈# #.#
###...###$....
#[..#..@M......
#...##.§.......
#.! #......... #.
#......... ##
+.........
#......?..
##.####### #.#


You could see Menkaure and a neutral quokka (wandering).

Vanquished Creatures
  Sigmund (D:2)
  A sky beast (D:5)
  A phantom (D:4)
  A centaur (D:5)
  An elf zombie (Ossuary)
  A big kobold (D:4)
  2 scorpions
  A bullfrog zombie (D:5)
  A centaur zombie (Ossuary)
  A hound (D:3)
  An orc wizard (D:3)
  2 human zombies (Ossuary)
  A bullfrog skeleton (D:5)
  An iguana (D:5)
  4 worker ants
  4 big kobold zombies (Ossuary)
  4 mummies
  4 gnolls
  5 adders
  An adder skeleton (D:4)
  4 adder zombies (Ossuary)
  2 worms
  2 leopard geckos
  6 orcs
  12 bats
  3 giant cockroaches (D:2)
  8 hobgoblins
  7 jackals
  3 quokkas
  A ball python (D:2)
  6 frilled lizards
  4 gnoll zombies (Ossuary)
  3 goblins
  2 goblin zombies (Ossuary)
  A hobgoblin zombie (Ossuary)
  3 jackal zombies (Ossuary)
  22 kobolds
  3 kobold zombies
  2 orc zombies
  5 quokka zombies (Ossuary)
  15 rats
  3 rat zombies (Ossuary)
155 creatures vanquished.

Vanquished Creatures (collateral kills)
  A hound (D:4)
  An adder (D:3)
  An ooze (D:3)
  2 worms
  A dart slug (D:3)
  An orc (D:3)
  2 goblins (D:2)
  2 hobgoblins (D:2)
  A ball python (D:2)
  A bat (D:2)
  A kobold (D:2)
  A rat (D:3)
15 creatures vanquished.

Grand Total: 170 creatures vanquished

Notes
Turn   | Place    | Note
-------+----------+-------------------------------------------
     0 | D:1      | HereIgoKillingAgain the Demonspawn Transmuter began the
                  | quest for the Orb.
     0 | D:1      | Reached XP level 1. HP: 15/15 MP: 3/3
   207 | D:1      | Gained mutation: You have large cloven feet. [demonic
                  | ancestry]
   207 | D:1      | Reached XP level 2. HP: 15/21 MP: 5/5
   632 | D:1      | HP: 1/21 [bat (1)]
   939 | D:1      | Gained mutation: You have hoof-like feet. [demonic
                  | ancestry]
   939 | D:1      | Reached XP level 3. HP: 26/26 MP: 6/6
  1068 | D:1      | HP: 1/26 [jackal (3)]
  1725 | D:1      | Learned a level 2 spell: Sticks to Snakes
  1729 | D:1      | Learned a level 3 spell: Spider Form
  1839 | D:2      | Noticed Sigmund
  1856 | D:2      | Killed Sigmund
  1856 | D:2      | Gained mutation: You are partially covered in iridescent
                  | scales. (AC +2) [demonic ancestry]
  1856 | D:2      | Reached XP level 4. HP: 25/32 MP: 1/8
  1856 | D:2      | Gained mutation: When hurt, damage is shared between your
                  | health and your magic reserves. [demonic ancestry]
  1856 | D:2      | Reached XP level 5. HP: 28/37 MP: 1/9
  3379 | D:3      | Gained mutation: You regenerate magic rapidly. [demonic
                  | ancestry]
  3379 | D:3      | Reached XP level 6. HP: 37/43 MP: 8/11
  3690 | D:4      | Learned a level 5 spell: Blade Hands
  4244 | D:4      | Reached XP level 7. HP: 40/48 MP: 7/13
  4553 | D:4      | Found a bloodstained altar of Trog.
  4553 | D:4      | Found a stormy altar of Qazlal.
  4567 | D:4      | Became a worshipper of Qazlal Stormbringer
  4772 | D:5      | Entered Level 5 of the Dungeon
  4825 | D:5      | Found a sand-covered staircase.
  4840 | Ossuary  | Entered an ossuary
  4888 | Ossuary  | Reached skill level 1 in Invocations
  4898 | Ossuary  | Reached skill level 5 in Unarmed Combat
  5513 | Ossuary  | Reached * piety under Qazlal
  6142 | D:5      | Reached XP level 8. HP: 29/54 MP: 6/15
  6160 | D:5      | Reached skill level 5 in Spellcasting
  6261 | D:5      | Reached skill level 5 in Transmutations
  6360 | D:5      | Reached skill level 5 in Invocations
  6398 | D:5      | Found a white marble altar of Elyvilon.
  6407 | D:5      | Noticed Menkaure
  6419 | D:5      | Mangled by Menkaure

Vault maps used:
D:1:      mushboom_english_gardens, hangedman_decor_lopped,
          minmay_rat_gold_closets
D:2:      first_ration, uniq_sigmund
D:4:      kennysheep_kobold_camp, amethyst_overflow_temple_binary
D:5:      elyvilon_altar_4, lemuel_round_altar, nicolae_ossuary_entry_giza,
          kennysheep_generic_room_5, uniq_menkaure
D:6:      serial_rivers, chequers_serial_rivers_room_a,
          chequers_serial_rivers_micro_c, chequers_serial_rivers_small_3,
          chequers_serial_rivers_micro_c, serial_shops,
          nicolae_shop_overgrown_old_shop
Ossuary:  minmay_ossuary_two_tombs

Skill      XL: |  1  2  3  4  5  6  7  8 |
---------------+-------------------------+-----
Transmutations | 2 3 4 5 |  5.1
Unarmed Combat | 3 4 5 |  5.5
Spellcasting   | 3 4 5 |  5.2
Invocations    | 3 5 |  5.1
Fighting       | |  1.0
Dodging        | |  1.7

Action                   |  1- 3 |  4- 6 |  7- 9 || total
-------------------------+-------+-------+-------++-------
Melee: Unarmed           |    93 |   199 |   317 ||   609
       Kick              |    12 |    38 |    90 ||   140
       Headbutt          |     2 |       |    19 ||    21
       Punch             |       |     1 |     8 ||     9
 Cast: Beastly Appendage |     3 |       |     7 ||    10
       Sticks to Snakes  |     3 |    31 |     2 ||    36
       Spider Form       |       |     2 |     4 ||     6
  Use: Scroll            |     4 |       |       ||     4
       Potion            |     1 |     3 |     4 ||     8
 Stab: Sleeping          |     5 |     1 |       ||     6
       Distracted        |       |     2 |       ||     2
  Eat: Chunk             |     1 |     4 |     2 ||     7
       Ration            |     1 |     1 |     2 ||     4
Armor: Robe              |    15 |    47 |    66 ||   128
Dodge: Dodged            |    69 |   139 |   197 ||   405
Block: Other             |       |       |    10 ||    10

Table legend:
 A = Non-vault XP
 B = Vault XP
 C = Vault XP percentage of total XP
 D = Non-vault monster count
 E = Vault monster count
 F = Vault count percentage of total count
                 A         B        C        D         E       F
            +---------+---------+-------+---------+---------+-------
      Total |    1126 |     736 |  39.5 |     100 |      70 |  41.2
            +---------+---------+-------+---------+---------+-------
        D:1 |      42 |       9 |  17.6 |      21 |       9 |  30.0
        D:2 |      45 |     150 |  76.9 |      23 |       1 |   4.2
        D:3 |     170 |       0 |   0.0 |      31 |       0 |   0.0
        D:4 |     304 |     123 |  28.8 |      12 |      21 |  63.6
        D:5 |     493 |      20 |   3.9 |      12 |       3 |  20.0
        D:6 |      72 |       0 |   0.0 |       1 |       0 |   0.0
    Ossuary |       0 |     434 | 100.0 |       0 |      36 | 100.0
            +---------+---------+-------+---------+---------+-------
